 Dungeon Crawl Stone Soup version 0.17.2-1-ge4368a0 (webtiles) character file.

2247 Goblin1989 the Cleaver (level 9, -1/71 HPs)
             Began as a Hill Orc Gladiator on Dec 15, 2016.
             Was a Believer of Beogh.
             Slain by an orc knight
             ... wielding a +0 dire flail
              (18 damage)
             ... in a bailey.
             The game lasted 00:18:24 (5421 turns).

Goblin1989 the Cleaver (Hill Orc Gladiator)         Turns: 5421, Time: 00:18:25

Health: -1/71      AC: 18    Str: 21    XL:     9   Next: 37%
Magic:  11/11      EV:  9    Int:  8    God:    Beogh [**....]
Gold:   354        SH:  9    Dex: 11    Spells: 0 memorised, 8 levels left

rFire  . . .     SeeInvis .     a - +0 war axe
rCold  . . .     Clarity  .     B - +5 chain mail "Huuz" {+Fly rN++}
rNeg   + + +     SustAt   .     K - +0 shield
rPois  .         Gourm    .     c - +0 helmet
rElec  .         Spirit   .     (no cloak)
rCorr  .         Warding  .     (no gloves)
rMut   .         Stasis   .     F - +0 pair of boots
MR     .....                    (no amulet)
Stlth  ..........               o - +3 ring of evasion
                                i - ring of positive energy

@: very slightly contaminated, hasted, very quick, not resistant to hostile
enchantments, extremely unstealthy
A: no striking features
a: Smiting, Renounce Religion, Evoke Flight


You were in a bailey.
You worshipped Beogh.
Beogh was pleased with you.
You were not hungry.

You visited 1 branch of the dungeon, and saw 8 of its levels.
You also visited: Bailey.

You collected 354 gold pieces.

Inventory:

Hand Weapons
 a - a +0 war axe (weapon)
 h - the +6 trident of the Orcish Mines {vamp, *Confuse rN+++ Int+4, unknown}
   (You found it on level 6 of the Dungeon)

   It inflicts no extra harm, but heals its wielder somewhat when it strikes a
   living foe.
   It affects your intelligence (+4).
   It renders you almost immune to negative energy.
   It may confuse you when you take damage.
 z - a +2 flail of protection
Missiles
 d - 55 tomahawks of returning (quivered)
 Z - 3 throwing nets {=f, !d}
Armour
 c - a +0 helmet (worn)
 B - the +5 chain mail "Huuz" (worn) {+Fly rN++}
   (You found it on level 5 of the Dungeon)

   It greatly protects you from negative energy.
   It lets you fly.
 F - a +0 pair of boots (worn)
 K - a +0 shield (worn)
Jewellery
 i - a ring of positive energy (left hand)
 o - a +3 ring of evasion (right hand)
 J - a +2 ring of dexterity {unknown}
Wands
 E - a wand of digging (19)
Scrolls
 f - 2 scrolls of recharging {unknown}
 g - 5 scrolls of remove curse {@r2}
 p - 3 scrolls of random uselessness {unknown}
 q - a scroll of enchant weapon {unknown}
 r - a scroll of immolation {!r}
 H - a scroll of amnesia {unknown}
 I - a scroll of enchant armour {unknown}
 M - a scroll of magic mapping
 R - a scroll of identify {@r1}
 T - 3 scrolls of teleportation {!r, @r4}
Potions
 b - 2 potions of curing {@q1}
 k - a potion of mutation {unknown}
 l - 4 potions of flight
 m - 3 potions of magic {unknown}
 n - a potion of heal wounds {!q, @q2}
 s - a potion of resistance {unknown}
 u - a potion of cancellation {unknown}
 w - 2 potions of ambrosia {!q}
 A - 3 potions of degeneration {!q}
 C - a potion of cure mutation {!q}
 D - a potion of invisibility {unknown}
 G - a potion of agility {unknown}
Comestibles
 e - a bread ration {@e1}
 j - 2 beef jerkies
 t - 2 meat rations {@e2}
 y - a slice of pizza


   Skills:
 + Level 3.7 Fighting
 * Level 12.5 Axes
 - Level 1.7 Throwing
 + Level 6.5 Armour
 - Level 2.7 Dodging
 + Level 2.2 Shields
 + Level 3.5 Invocations


You had 8 spell levels left.
You didn't know any spells.

Dungeon Overview and Level Annotations

Branches:
Dungeon (8/15)             Temple (0/1) D:4            Lair (0/8) D:8

Altars:
Kikubaaqudgha
Qazlal


Message History

You take 5 damage, and have 25/71 hp.
Your chain mail "Huuz" prevents you from hitting the orc knight.
The orc knight is heavily wounded.
You block the gnoll's attack. The gnoll closely misses you.
The gnoll barely misses you.
Unknown command.
You hit the orc knight.
The orc knight is heavily wounded.
The orc knight hits you with a dire flail!
* * * LOW HITPOINT WARNING * * *
You take 9 damage, and have 16/71 hp.
You hit the orc knight but do no damage.
The orc knight is heavily wounded.
You block the gnoll's attack. The gnoll barely misses you.
The gnoll closely misses you.
You closely miss the orc knight.
The orc knight is heavily wounded.
The orc knight hits you with a dire flail!!
You die...
Beogh appreciates the orc knight's killing of a heretic priest. ██ ███ █████

█.█ █.███.∆.██ █
█∆██∆██∆███∆██∆██∆█
█....)██ ██@....█
███.....███ █o(.!.█
█.∆..Ψ..∆.█ gggg..∆.█
███.÷)).█████K....███
██....)█ █.....█
██)██)██∆█ █∆██∆██∆█
█.███.█ █.█g█ .█ █.█
█∆█ ███


█████ ███ ███ █.███.███.█.███.███.█ You could see an orc knight, 3 gnolls, a
hobgoblin and a kobold.

Vanquished Creatures
  Sigmund (D:5)
  Eustachio (D:4)
  A steam dragon (D:7)
  A hungry ghost (D:7)
  Edmund (D:5)
  A warg (D:7)
  Duvessa (D:4)
  An ice beast (D:6)
  A phantom (D:6)
  2 sky beasts (D:5)
  A centaur (D:7)
  3 giant frogs (D:6)
  Dowan (D:4)
  A scorpion (D:5)
  A giant frog zombie (D:5)
  An orc wizard (D:4)
  3 hounds
  A jelly (D:6)
  2 iguanas
  3 worker ants
  Jessica (D:2)
  5 adders
  10 gnolls (Bailey)
  2 oozes
  25 orcs
  5 ball pythons
  6 giant cockroaches
  13 hobgoblins
  2 jackals (D:2)
  14 kobolds
  2 quokkas
  5 bats
  3 giant geckos
  A giant gecko skeleton (D:5)
  9 giant newts
  4 goblins
  A jackal zombie (D:6)
  4 rats
140 creatures vanquished.

Vanquished Creatures (others)
  An orc priest (D:4)
1 creature vanquished.

Grand Total: 141 creatures vanquished

Notes
Turn   | Place    | Note
--------------------------------------------------------------
     0 | D:1      | Goblin1989 the Hill Orc Gladiator began the quest for the Orb.
     0 | D:1      | Reached XP level 1. HP: 18/18 MP: 1/1
   301 | D:1      | Reached XP level 2. HP: 25/25 MP: 2/2
   648 | D:1      | Reached skill level 5 in Axes
   871 | D:2      | Reached XP level 3. HP: 28/30 MP: 3/3
   949 | D:2      | Reached skill level 6 in Axes
  1012 | D:2      | Reached XP level 4. HP: 37/37 MP: 4/4
  1054 | D:2      | You fall through a shaft for 2 floors!
  1277 | D:2      | Noticed Jessica
  1281 | D:2      | Killed Jessica
  1281 | D:2      | Reached skill level 1 in Armour
  1862 | D:3      | Reached XP level 5. HP: 28/42 MP: 5/5
  2108 | D:4      | Noticed Eustachio
  2130 | D:4      | Killed Eustachio
  2130 | D:4      | Reached skill level 8 in Axes
  2130 | D:4      | Reached XP level 6. HP: 22/50 MP: 6/6
  2330 | D:4      | Became a worshipper of Beogh the Brigand
  2459 | D:4      | Noticed Duvessa
  2469 | D:4      | Noticed Dowan
  2485 | D:4      | Killed Duvessa
  2503 | D:4      | Killed Dowan
  2503 | D:4      | Reached skill level 9 in Axes
  2503 | D:4      | Reached XP level 7. HP: 31/56 MP: 7/7
  2695 | D:4      | Found a staircase to the Ecumenical Temple.
  2709 | D:4      | Reached * piety under Beogh
  2898 | D:5      | Entered Level 5 of the Dungeon
  3088 | D:5      | Found a stormy altar of Qazlal.
  3094 | D:5      | Noticed Edmund
  3108 | D:5      | Killed Edmund
  3126 | D:5      | Got an agate-encrusted chain mail
  3137 | D:5      | Identified the +5 chain mail "Huuz" {+Fly rN++} (You found it on level 5 of the Dungeon)
  3187 | D:5      | Reached skill level 10 in Axes
  3264 | D:5      | Reached XP level 8. HP: 59/62 MP: 8/8
  3284 | D:5      | Reached skill level 5 in Armour
  3572 | D:5      | Noticed Sigmund
  3592 | D:5      | Killed Sigmund
  3592 | D:5      | Reached skill level 11 in Axes
  4172 | D:6      | Reached skill level 1 in Invocations
  4206 | D:6      | Got a faintly glowing trident
  4327 | D:6      | Reached skill level 12 in Axes
  4647 | D:7      | Found a flagged portal.
  4649 | D:7      | You fall through a shaft!
  4649 | D:8      | Found a staircase to the Lair.
  4680 | D:7      | Reached XP level 9. HP: 44/69 MP: 10/10
  4682 | D:7      | Reached ** piety under Beogh
  4684 | D:7      | Reached skill level 1 in Shields
  4719 | D:7      | Found an ancient bone altar of Kikubaaqudgha.
  4832 | Bailey   | Entered a bailey
  5230 | Bailey   | Noticed an orc knight
  5421 | Bailey   | Slain by an orc knight

Action                   |  1- 3 |  4- 6 |  7- 9 || total
-------------------------+-------+-------+-------++-------
Melee: War axe           |    76 |   114 |   310 ||   500
Invok: Convert to Beogh  |       |     1 |       ||     1
  Use: Scroll            |       |       |    10 ||    10
       Potion            |       |       |     2 ||     2
 Stab: Sleeping          |     1 |       |       ||     1
  Eat: Chunk             |       |     3 |     5 ||     8
       Bread ration      |       |     1 |     2 ||     3
       Fruit             |       |       |     2 ||     2
       Beef jerky        |       |       |     1 ||     1

Vault maps used:
D:1:      lemuel_arrival_rhombus, minmay_shallow_snake_nest
D:2:      uniq_jessica
D:4:      temple_statues, first_bread, hangedman_decor_diamond_cutter,
          uniq_duvessa, uniq_eustachio
D:5:      lemuel_crystal_altar, minmay_misc_feat_room, uniq_sigmund, uniq_edmund
D:7:      lemuel_crystal_altar, enter_bailey_8, basic_altar
D:8:      minmay_klotski, erik_lair_orcish_takeover, basic_altar
Bailey:   bailey_axe_2, bailey
